[ AOE2 MATCH · #506697214 ]
UnrankedIncas vs Maya
Player's team · WIN
Rival team · LOSS
[ REPLAY ANALYSIS · EXTRACTED FROM THE RECORDED GAME ]
Feudal
8:51
Castle
22:02
Imperial
37:57
| APM avg | 64.7 |
| APM peak | 114 |
| eAPM avg | 30.4 |
| Villagers / military | 191 / 252 |
Focus
⚔️ 50.6% · 🌾 49.4%
Petard ×133 · Unknown (2550) ×86 · Archer ×77 · Skirmisher ×32 · Trebuchet (Packed) ×8 · Monk ×2
Feudal
12:37
Castle
17:12
Imperial
39:59
| APM avg | 136.9 |
| APM peak | 273 |
| eAPM avg | 86.9 |
| Villagers / military | 202 / 290 |
Focus
⚔️ 63.6% · 🌾 36.4%
Eagle Scout ×130 · Plumed Archer ×53 · Archer ×52 · Skirmisher ×39 · Battering Ram ×6 · Trebuchet (Packed) ×5
Match map
Initial resources + every placement click. Lines = walls · curves = elevation contours. ◆ gold · ⬟ stone · ● berries · ✦ relic · ◌ wall gap
Your base· ✓ Closed at 22:02 · 57t walls · 1 gate(s)
Combi l BU's base· ✓ Closed at 17:12 · 60t walls · no gate
Smoothed initial terrain · ◌ = detected wall gap · hover for details
Inputs per minute
— DGHIR | chanchilaru - - Combi l BU
Build order — DGHIR | chanchilaru
First 150 of 679 actions detected
| 0:01 | Create | Villager (Male) |
| 0:01 | Create | Villager (Male) |
| 0:01 | Create | Villager (Male) |
| 0:02 | Create | Villager (Male) |
| 0:03 | Build | House |
| 0:04 | Build | House |
| 1:25 | Create | Villager (Male) |
| 1:25 | Create | Villager (Male) |
| 1:49 | Build | Settlement |
| 2:01 | Create | Villager (Male) |
| 2:01 | Create | Villager (Male) |
| 2:17 | Create | Villager (Male) |
| 2:17 | Create | Villager (Male) |
| 2:47 | Create | Villager (Male) |
| 2:47 | Create | Villager (Male) |
| 3:01 | Create | Villager (Male) |
| 3:36 | Create | Villager (Male) |
| 3:36 | Create | Villager (Male) |
| 3:37 | Create | Villager (Male) |
| 3:37 | Create | Villager (Male) |
| 4:02 | Create | Villager (Male) |
| 4:02 | Create | Villager (Male) |
| 4:22 | Create | Villager (Male) |
| 4:22 | Create | Villager (Male) |
| 4:38 | Create | Villager (Male) |
| 4:38 | Create | Villager (Male) |
| 5:25 | Build | Settlement |
| 5:36 | Create | Villager (Male) |
| 5:36 | Create | Villager (Male) |
| 5:36 | Create | Villager (Male) |
| 5:36 | Create | Villager (Male) |
| 6:03 | Research | Loom |
| 6:39 | Research | Feudal Age |
| 7:50 | Build | Palisade Wall |
| 8:03 | Build | Barracks |
| 8:09 | Build | Palisade Wall |
| 8:10 | Build | Palisade Wall |
| 8:11 | Build | Palisade Wall |
| 8:11 | Build | Palisade Wall |
| 8:25 | Build | Palisade Wall |
| 8:51 | Age | Feudal Age |
| 8:51 | Create | Villager (Male) |
| 8:52 | Create | Villager (Male) |
| 8:57 | Build | Palisade Wall |
| 9:11 | Create | Villager (Male) |
| 9:13 | Build | Archery Range |
| 9:20 | Create | Villager (Male) |
| 9:20 | Create | Villager (Male) |
| 9:26 | Build | Palisade Wall |
| 9:45 | Create | Villager (Male) |
| 9:47 | Build | Palisade Wall |
| 9:51 | Build | Palisade Wall |
| 9:54 | Build | Palisade Wall |
| 9:58 | Build | Palisade Wall |
| 10:00 | Build | Palisade Wall |
| 10:05 | Build | Palisade Wall |
| 10:06 | Create | Archer |
| 10:06 | Create | Archer |
| 10:24 | Create | Villager (Male) |
| 10:30 | Create | Villager (Male) |
| 10:33 | Build | Palisade Gate |
| 10:39 | Build | House |
| 10:41 | Create | Villager (Male) |
| 10:46 | Build | Palisade Wall |
| 10:49 | Create | Villager (Male) |
| 10:51 | Create | Villager (Male) |
| 10:55 | Create | Archer |
| 10:55 | Create | Archer |
| 10:57 | Create | Skirmisher |
| 11:15 | Create | Villager (Male) |
| 11:21 | Build | Archery Range |
| 12:00 | Create | Archer |
| 12:00 | Create | Villager (Male) |
| 12:01 | Create | Villager (Male) |
| 12:05 | Build | House |
| 12:15 | Create | Skirmisher |
| 12:23 | Create | Villager (Male) |
| 12:35 | Create | Archer |
| 12:35 | Create | Archer |
| 12:39 | Create | Skirmisher |
| 13:00 | Create | Villager (Male) |
| 13:01 | Create | Villager (Male) |
| 13:04 | Build | Blacksmith |
| 13:05 | Create | Archer |
| 13:05 | Create | Archer |
| 13:12 | Create | Villager (Male) |
| 13:20 | Build | Farm |
| 13:21 | Build | Farm |
| 13:34 | Create | Archer |
| 13:34 | Create | Archer |
| 13:55 | Create | Archer |
| 13:55 | Create | Archer |
| 13:57 | Create | Villager (Male) |
| 13:58 | Create | Villager (Male) |
| 14:06 | Build | Farm |
| 14:13 | Create | Villager (Male) |
| 14:13 | Create | Villager (Male) |
| 14:21 | Create | Villager (Male) |
| 14:21 | Create | Villager (Male) |
| 15:01 | Research | Fletching |
| 15:01 | Create | Archer |
| 15:01 | Create | Archer |
| 15:02 | Create | Archer |
| 15:41 | Create | Villager (Male) |
| 15:41 | Create | Villager (Male) |
| 15:51 | Build | Settlement |
| 15:59 | Build | House |
| 16:00 | Create | Villager (Male) |
| 16:00 | Create | Villager (Male) |
| 16:01 | Create | Villager (Male) |
| 16:08 | Build | Market |
| 16:18 | Create | Archer |
| 16:18 | Create | Archer |
| 16:18 | Create | Archer |
| 16:41 | Create | Villager (Male) |
| 16:45 | Build | Farm |
| 16:48 | Build | Outpost |
| 16:49 | Build | Outpost |
| 17:03 | Create | Archer |
| 17:03 | Create | Archer |
| 17:07 | Create | Villager (Male) |
| 17:24 | Build | Farm |
| 17:38 | Create | Archer |
| 17:58 | Create | Villager (Male) |
| 18:00 | Build | Farm |
| 18:00 | Build | Farm |
| 18:04 | Build | House |
| 18:33 | Build | Farm |
| 18:34 | Create | Villager (Male) |
| 18:36 | Build | Farm |
| 19:22 | Research | Castle Age |
| 19:22 | Research | Castle Age |
| 20:03 | Create | Archer |
| 20:04 | Create | Archer |
| 20:04 | Create | Archer |
| 20:29 | Create | Archer |
| 20:29 | Create | Archer |
| 20:44 | Create | Archer |
| 20:44 | Create | Archer |
| 21:10 | Build | Market |
| 21:13 | Build | House |
| 21:15 | Build | House |
| 21:17 | Build | House |
| 21:23 | Build | Stone Wall |
| 21:40 | Create | Archer |
| 21:40 | Create | Archer |
| 22:02 | Age | Castle Age |
| 22:03 | Research | Crossbowman (upgrade) |
| 22:03 | Research | Crossbowman (upgrade) |
| 22:04 | Research | Bodkin Arrow |
Build order — Combi l BU
First 150 of 700 actions detected
| 0:01 | Research | Loom |
| 0:02 | Build | House |
| 0:04 | Build | House |
| 0:21 | Create | Villager (Male) |
| 0:21 | Create | Villager (Male) |
| 0:30 | Create | Villager (Male) |
| 0:30 | Create | Villager (Male) |
| 1:23 | Create | Villager (Male) |
| 1:23 | Create | Villager (Male) |
| 1:45 | Build | Lumber Camp |
| 2:04 | Create | Villager (Male) |
| 2:04 | Create | Villager (Male) |
| 2:07 | Create | Villager (Male) |
| 2:57 | Create | Villager (Male) |
| 2:57 | Create | Villager (Male) |
| 3:11 | Create | Villager (Male) |
| 3:11 | Create | Villager (Male) |
| 3:37 | Build | House |
| 3:45 | Create | Villager (Male) |
| 3:45 | Create | Villager (Male) |
| 4:05 | Create | Villager (Male) |
| 4:05 | Create | Villager (Male) |
| 4:14 | Build | Mill |
| 4:27 | Create | Villager (Male) |
| 4:27 | Create | Villager (Male) |
| 4:55 | Create | Villager (Male) |
| 5:13 | Create | Villager (Male) |
| 5:34 | Create | Villager (Male) |
| 5:34 | Create | Villager (Male) |
| 5:42 | Build | Barracks |
| 5:54 | Create | Villager (Male) |
| 6:05 | Build | House |
| 6:18 | Create | Villager (Male) |
| 6:25 | Build | House |
| 6:44 | Build | House |
| 6:46 | Build | Palisade Wall |
| 6:51 | Create | Militia |
| 6:51 | Create | Militia |
| 6:57 | Create | Villager (Male) |
| 7:10 | Build | Palisade Wall |
| 7:12 | Build | Palisade Wall |
| 7:25 | Build | House |
| 7:27 | Build | Palisade Wall |
| 7:28 | Build | Palisade Wall |
| 7:32 | Create | Villager (Male) |
| 7:32 | Create | Militia |
| 7:32 | Create | Militia |
| 7:51 | Create | Villager (Male) |
| 8:16 | Create | Villager (Male) |
| 8:31 | Build | Palisade Wall |
| 8:32 | Build | Palisade Wall |
| 8:37 | Build | Palisade Wall |
| 8:38 | Build | Palisade Wall |
| 8:41 | Build | Palisade Wall |
| 8:41 | Create | Villager (Male) |
| 8:56 | Build | Mining Camp |
| 9:07 | Create | Villager (Male) |
| 9:22 | Build | Mill |
| 9:29 | Create | Villager (Male) |
| 9:55 | Build | Mining Camp |
| 10:01 | Create | Villager (Male) |
| 10:23 | Research | Feudal Age |
| 10:23 | Research | Feudal Age |
| 10:35 | Build | Palisade Wall |
| 10:41 | Build | Farm |
| 10:47 | Build | Farm |
| 10:54 | Build | Palisade Wall |
| 10:58 | Build | Farm |
| 11:16 | Create | Villager (Male) |
| 12:37 | Age | Feudal Age |
| 12:39 | Build | Market |
| 12:50 | Create | Villager (Male) |
| 12:59 | Build | Blacksmith |
| 13:22 | Build | Farm |
| 13:30 | Create | Villager (Male) |
| 13:32 | Build | House |
| 13:42 | Build | Farm |
| 13:58 | Build | Farm |
| 13:59 | Create | Villager (Male) |
| 14:32 | Research | Castle Age |
| 14:47 | Build | Watch Tower |
| 15:22 | Research | Double-Bit Axe |
| 16:02 | Research | Fletching |
| 16:29 | Create | Villager (Male) |
| 16:40 | Build | Market |
| 16:44 | Build | House |
| 17:12 | Age | Castle Age |
| 17:34 | Create | Villager (Male) |
| 17:40 | Build | House |
| 17:42 | Build | House |
| 18:00 | Build | Castle |
| 18:09 | Create | Villager (Male) |
| 18:24 | Research | Bodkin Arrow |
| 18:24 | Research | Bodkin Arrow |
| 18:34 | Create | Villager (Male) |
| 18:47 | Build | Farm |
| 18:51 | Build | Farm |
| 18:54 | Create | Plumed Archer |
| 19:11 | Create | Villager (Male) |
| 19:23 | Build | Town Center |
| 19:26 | Build | Town Center |
| 19:30 | Create | Plumed Archer |
| 19:30 | Create | Plumed Archer |
| 19:30 | Create | Plumed Archer |
| 19:41 | Build | Farm |
| 19:42 | Create | Villager (Male) |
| 19:43 | Build | Farm |
| 19:44 | Create | Villager (Male) |
| 19:45 | Create | Plumed Archer |
| 19:45 | Create | Plumed Archer |
| 20:12 | Create | Plumed Archer |
| 20:15 | Create | Villager (Male) |
| 20:16 | Create | Villager (Male) |
| 20:33 | Create | Plumed Archer |
| 20:33 | Create | Plumed Archer |
| 20:49 | Create | Plumed Archer |
| 20:49 | Create | Plumed Archer |
| 20:49 | Create | Villager (Male) |
| 20:50 | Create | Villager (Male) |
| 20:58 | Create | Villager (Male) |
| 21:08 | Create | Villager (Male) |
| 21:08 | Create | Villager (Male) |
| 21:08 | Create | Villager (Male) |
| 21:12 | Create | Plumed Archer |
| 21:15 | Create | Villager (Male) |
| 21:15 | Create | Villager (Male) |
| 21:30 | Create | Plumed Archer |
| 21:38 | Create | Villager (Male) |
| 21:45 | Create | Plumed Archer |
| 21:51 | Build | Town Center |
| 21:54 | Create | Villager (Male) |
| 21:54 | Create | Villager (Male) |
| 22:09 | Create | Plumed Archer |
| 22:09 | Create | Plumed Archer |
| 22:23 | Create | Villager (Male) |
| 22:23 | Create | Villager (Male) |
| 22:23 | Create | Villager (Male) |
| 22:57 | Research | Padded Archer Armor |
| 23:01 | Research | Bow Saw |
| 23:02 | Create | Villager (Male) |
| 23:13 | Create | Plumed Archer |
| 23:13 | Create | Plumed Archer |
| 23:20 | Create | Villager (Male) |
| 23:21 | Create | Villager (Male) |
| 23:26 | Create | Villager (Male) |
| 23:30 | Create | Plumed Archer |
| 23:30 | Create | Plumed Archer |
| 23:37 | Create | Villager (Male) |
| 23:58 | Create | Villager (Male) |
| 24:04 | Build | Lumber Camp |
Match timeline
| 5:42 | Combi l BU · first_building Barracks |
| 6:46 | Combi l BU · wall_segment Palisade Wall x3 |
| 7:10 | Combi l BU · wall_segment Palisade Wall x6 |
| 7:12 | Combi l BU · wall_segment Palisade Wall x5 |
| 7:27 | Combi l BU · wall_segment Palisade Wall x10 |
| 7:28 | Combi l BU · wall_segment Palisade Wall x9 |
| 7:50 | DGHIR | chanchilaru · wall_segment Palisade Wall x6 |
| 8:03 | DGHIR | chanchilaru · first_building Barracks |
| 8:09 | DGHIR | chanchilaru · wall_segment Palisade Wall x1 |
| 8:10 | DGHIR | chanchilaru · wall_segment Palisade Wall x1 |
| 8:11 | DGHIR | chanchilaru · wall_segment Palisade Wall x1 |
| 8:11 | DGHIR | chanchilaru · wall_segment Palisade Wall x1 |
| 8:25 | DGHIR | chanchilaru · wall_segment Palisade Wall x3 |
| 8:31 | Combi l BU · wall_segment Palisade Wall x4 |
| 8:32 | Combi l BU · wall_segment Palisade Wall x2 |
| 8:37 | Combi l BU · wall_segment Palisade Wall x1 |
| 8:38 | Combi l BU · wall_segment Palisade Wall x1 |
| 8:41 | Combi l BU · wall_segment Palisade Wall x9 |
| 8:51 | DGHIR | chanchilaru · age_up feudal |
| 8:57 | DGHIR | chanchilaru · wall_segment Palisade Wall x3 |
| 9:13 | DGHIR | chanchilaru · first_building Archery Range |
| 9:26 | DGHIR | chanchilaru · wall_segment Palisade Wall x5 |
| 9:47 | DGHIR | chanchilaru · wall_segment Palisade Wall x1 |
| 9:51 | DGHIR | chanchilaru · wall_segment Palisade Wall x1 |
| 9:54 | DGHIR | chanchilaru · wall_segment Palisade Wall x1 |
| 9:58 | DGHIR | chanchilaru · wall_segment Palisade Wall x11 |
| 10:00 | DGHIR | chanchilaru · wall_segment Palisade Wall x1 |
| 10:05 | DGHIR | chanchilaru · wall_segment Palisade Wall x1 |
| 10:35 | Combi l BU · wall_segment Palisade Wall x8 |
| 10:46 | DGHIR | chanchilaru · wall_segment Palisade Wall x19 |
| 10:54 | Combi l BU · wall_segment Palisade Wall x4 |
| 12:37 | Combi l BU · age_up feudal |
| 14:05 | Combi l BU · first_market_sell 100 stone |
| 14:06 | Combi l BU · first_market_buy 100 food |
| 17:12 | Combi l BU · age_up castle |
| 18:00 | Combi l BU · first_building Castle |
| 18:02 | DGHIR | chanchilaru · first_market_buy 100 food |
| 19:18 | DGHIR | chanchilaru · first_market_sell 100 wood |
| 21:23 | DGHIR | chanchilaru · wall_segment Stone Wall x1 |
| 22:02 | DGHIR | chanchilaru · age_up castle |
| 31:30 | DGHIR | chanchilaru · first_building Castle |
| 33:28 | DGHIR | chanchilaru · wall_segment Stone Wall x1 |
| 35:11 | DGHIR | chanchilaru · wall_segment Stone Wall x4 |
| 35:13 | DGHIR | chanchilaru · wall_segment Stone Wall x6 |
| 36:23 | DGHIR | chanchilaru · wall_segment Stone Wall x7 |
| 36:31 | DGHIR | chanchilaru · first_building Monastery |
| 37:57 | DGHIR | chanchilaru · age_up imperial |
| 39:59 | Combi l BU · age_up imperial |
| 47:00 | Combi l BU · first_building Archery Range |
| 49:29 | DGHIR | chanchilaru · wall_segment Stone Wall x6 |
| 49:37 | DGHIR | chanchilaru · wall_segment Stone Wall x2 |
| 49:39 | Combi l BU · first_building Siege Workshop |
| 49:59 | DGHIR | chanchilaru · wall_segment Stone Wall x1 |
| 50:01 | DGHIR | chanchilaru · wall_segment Stone Wall x5 |
| 55:32 | Combi l BU · resign |
[ AI ANALYSIS · 1 CREDIT ]
What really happened in this match?
Wolo.gg analyzes every decision: build order, eco, micro, common mistakes by bracket. Personalized analysis on WhatsApp or Discord in 30 seconds.
Civ guide
Incas
Perfil
Jugador #557273